 Dungeon Crawl Stone Soup version 0.22-a0-271-gc000056 (webtiles) character file.

36 varam the Chiller (level 3, 0/26 HPs)
             Began as a Merfolk Ice Elementalist on Mar 11, 2018.
             Slain by a worm (4 damage)
             ... on level 2 of the Dungeon.
             The game lasted 00:07:05 (1582 turns).

varam the Chiller (Merfolk Ice Elementalist)        Turns: 1582, Time: 00:07:06

Health: 0/26       AC:  2    Str:  8    XL:     3   Next: 37%
Magic:  1/7        EV: 13    Int: 15    God:
Gold:   72         SH:  0    Dex: 14    Spells: 4/7 levels left

rFire    . . .     SeeInvis .   e - +1 dagger (pain)
rCold    . . .     Gourm    .   (no shield)
rNeg     . . .     Faith    .   a - +0 robe
rPois    .         Spirit   .   (no helmet)
rElec    .         Reflect  .   (no cloak)
rCorr    .         Harm     .   (no gloves)
MR       .....                  (no boots)
Stlth    ++........             (no amulet)
HPRegen  0.08/turn              (no ring)
MPRegen  0.10/turn              (no ring)

@: very slightly contaminated
A: change form in water, swift swim, stealthy swim
a: no special abilities


You were on level 2 of the Dungeon.
You were not hungry.

You visited 1 branch of the dungeon, and saw 2 of its levels.

You collected 72 gold pieces.

Inventory:

Hand Weapons
 e - a +1 dagger of pain (weapon)
 l - a +2 short sword of holy wrath
Armour
 a - a +0 robe (worn)
Jewellery
 k - an uncursed ring of flight {unknown}
Scrolls
 d - a scroll of teleportation {unknown}
 f - a scroll of fog {unknown}
 h - 3 scrolls of identify {unknown}
 i - a scroll of remove curse {unknown}
 j - a scroll of amnesia {unknown}
Potions
 b - a potion of brilliance {unknown}
 g - a potion of invisibility {unknown}
 n - a potion of curing {unknown}
Comestibles
 c - 3 rations
 m - 3 chunks of flesh


   Skills:
 + Level 1.0 Fighting
 - Level 2.6 Dodging
 - Level 2.1 Stealth
 + Level 2.7 Spellcasting
 - Level 0.7 Conjurations
 + Level 4.0 Ice Magic


You had 4 spell levels left.
You knew the following spells:

 Your Spells              Type           Power        Failure   Level  Hunger
a - Freeze                Ice            ##..         4%          1    #......
b - Throw Frost           Conj/Ice       #.....       12%         2    ##.....


Dungeon Overview and Level Annotations

Branches:
Dungeon (2/15)

Altars:


Message History

You hit the worm but do no damage.
The worm is severely wounded.
The worm bites you!
* * * LOW HITPOINT WARNING * * *
Casting: Freeze (safe; 4% risk of failure)
Confirm with . or Enter, or press ? or * to list all spells.
Aiming: Freeze (safe; 4% risk of failure)
Press: ? - help, Shift-Dir - straight line, f/p - worm
Aim: a worm (severely wounded)
You freeze the worm.
The worm is severely wounded.
Casting: Freeze (safe; 4% risk of failure)
Confirm with . or Enter, or press ? or * to list all spells.
Aiming: Freeze (safe; 4% risk of failure)
Press: ? - help, Shift-Dir - straight line, f/p - worm
Aim: a worm (severely wounded)
You freeze the worm.
The worm is severely wounded.
The worm bites you.
You die...

.♣.♣♣g# ....... .....
##....... #''#
#+##........ #..#
###.##........ #.#####
#...#.##........
#.)...#.#.#.#.##.#
##.##.#.#.#.#.##.#
####.##.#.#.#.#..w.####.
.....##.#.#.#.##@#......#
#######.#.#.#.##.....#...#
# #...#.#.#.....##.# .# #
#.###.#........#.# ### #.#
#...######...#
..###.#####.# .###
#.##<.......# ..
#.##.######## ### .....#


You could see a worm.

Vanquished Creatures
  2 dart slugs (D:1)
  A ball python (D:1)
  4 goblins (D:1)
  3 hobgoblins
  7 jackals
  4 kobolds (D:1)
  7 rats (D:1)
28 creatures vanquished.

Notes
Turn   | Place    | Note
-------+----------+-------------------------------------------
     0 | D:1      | varam the Merfolk Ice Elementalist began the quest for the Orb.
     0 | D:1      | Reached XP level 1. HP: 13/13 MP: 3/3
   360 | D:1      | Reached XP level 2. HP: 13/19 MP: 1/5
   694 | D:1      | Learned a level 2 spell: Throw Frost
  1075 | D:1      | Reached XP level 3. HP: 24/25 MP: 2/6
  1463 | D:2      | Reached skill level 1 in Fighting
  1463 | D:2      | Reached skill level 4 in Ice Magic
  1582 | D:2      | Slain by a worm

Vault maps used:
D:1:      co_arrival_random_square_maze
D:2:      grunt_temple_overflow_cloverleaf, minmay_misc_feat_hallway,
          kennysheep_generic_room_12

Skill      XL: |  1  2  3 |
---------------+----------+-----
Fighting       | 1 |  1.0
Ice Magic      | 4 |  4.0
Dodging        | |  2.6
Stealth        | |  2.1
Spellcasting   | |  2.7
Conjurations   | |  0.7

Action                   || total
-------------------------++-------
Melee: Dagger            ||    57
       Unarmed           ||     1
 Cast: Freeze            ||    36
       Throw Frost       ||     4
 Stab: Sleeping          ||     3
  Eat: Chunk             ||     3
Armor: Robe              ||     6
Dodge: Dodged            ||    60

Table legend:
 A = Spawn XP
 B = Non-spawn XP
 C = Spawn XP percentage of total XP
 D = Spawn monster count
 E = Non-spawn monster count
 F = Spawn count percentage of total count
 G = Total turns spent on level
                    A         B        C        D         E        F      G
               +---------+---------+-------+---------+---------+-------+---------
         Total |       0 |      52 |   0.0 |       0 |      28 |   0.0 |  1582
               +---------+---------+-------+---------+---------+-------+---------
           D:1 |       0 |      48 |   0.0 |       0 |      26 |   0.0 |  1437
           D:2 |       0 |       4 |   0.0 |       0 |       2 |   0.0 |   145
               +---------+---------+-------+---------+---------+-------+---------
